 Dungeon Crawl Stone Soup version 0.31-a0-233-g139696dc86 (webtiles) character file.

Game seed: 6583936597657010511

121 qw the Shooter (level 5, -4/30 HPs)
             Began as a Gargoyle Hexslinger on July 7, 2023.
             Slain by a cerulean imp
             ... wielding a +2 spear
             ... summoned by Natasha
              (6 damage)
             ... on level 2 of the Dungeon.
             The game lasted 00:00:42 (1698 turns).

qw the Shooter (Gargoyle Hexslinger)                Turns: 1698, Time: 00:00:42

Health: -4/30      AC:  9    Str: 11    XL:     5   Next: 5%
Magic:  6/6        EV: 10    Int: 14    God:
Gold:   2          SH:  0    Dex: 14    Spells: 5/6 levels left

rFire   . . .        Y - +1 sling (flame)
rCold   . . .        (no shield)
rNeg    + . .        g - +0 ring mail
rPois   inf          (no helmet)
rElec   +            (no cloak)
rCorr   +            (no gloves)
SInv    .            (no boots)
Will    .....        (no amulet)
Stlth   +            j - ring of resist corrosion
HPRegen 0.25/turn    (no ring)
MPRegen 0.10/turn

%: no passive effects
@: slowed, very slow
A: sickness immunity, AC +4, negative energy resistance 1, electricity
resistance, torment resistance 1, petrification resistance
a: no special abilities


You were on level 2 of the Dungeon.
You visited 1 branch of the dungeon, and saw 2 of its levels.

You collected 116 gold pieces.
You spent 114 gold pieces at shops.


Innate Abilities, Weirdness & Mutations

You are immune to sickness and miasma.
Your stone body is resilient. (AC +4)
You are immune to poison.
You resist negative energy. (rN+)
You are resistant to electric shocks. (rElec)
You are resistant to unholy torment.
You are immune to petrification.


   Skills:
 - Level 2.0 Fighting
 + Level 4.4 Ranged Weapons
 - Level 1.6 Armour
 - Level 1.5 Dodging
 - Level 1.0 Spellcasting
 - Level 2.6 Hexes


You had 5 spell levels left.
You knew the following spells:

 Your Spells              Type           Power      Damage    Failure   Level
a - Slow                  Hex            32%        N/A       21%         1

Your spell library contained the following spells:

 Spells                   Type           Power      Damage    Failure   Level
 Inner Flame              Hex/Fire       4%         N/A       71%         3
 Portal Projectile        Hex/Tloc       8%         N/A       71%         3
 Cause Fear               Hex            4%         N/A       90%         4

Inventory:

Hand Weapons
 Y - a +1 sling of flaming (weapon)
Armour
 g - a +0 ring mail (worn)
Jewellery
 j - a ring of resist corrosion (left hand)
Scrolls
 b - 2 scrolls of identify {unknown}
Potions
 a - 2 potions of might {unknown}
 c - a potion of enlightenment {unknown}
 d - a potion of cancellation
 h - a potion of degeneration {unknown}
 i - a potion of curing {unknown}

Dungeon Overview and Level Annotations

Branches:
Dungeon (2/15)

Altars:

Shops:
D:2 ?

Annotations:
D:2 Natasha


Message History

The magic dart hits you.
The cerulean imp hits you but does no damage.
You shoot a sling bullet. The sling bullet misses Natasha.
Natasha casts a spell at you.
You feel yourself slow down.
The cerulean imp hits you from afar with a +1 spear.
You shoot a sling bullet.
The sling bullet hits Natasha but does no damage.
Natasha is severely wounded.
Natasha claws you. The cerulean imp misses you.
Natasha hisses.
Natasha drinks a potion.
Natasha is healed!
The cerulean imp hits you from afar with a +1 spear.
You shoot a sling bullet. The sling bullet hits Natasha.
The sling bullet burns Natasha.
Natasha is lightly wounded.
Natasha claws you but does no damage. The cerulean imp barely misses you.
Natasha casts a spell.
The cerulean imp hits you from afar with a +1 spear.
You shoot a sling bullet. The sling bullet hits Natasha!
The sling bullet burns Natasha.
Natasha is severely wounded.
Natasha mumbles some strange words.
The cerulean imp hits you but does no damage.
Natasha casts a spell at you.
You feel as though you will be slow longer.
The cerulean imp completely misses you.
You shoot a sling bullet. The sling bullet barely misses Natasha.
Natasha claws you. The cerulean imp barely misses you.
Natasha zaps a wand.
The puff of flame hits you.
The cerulean imp hits you from afar with a +2 spear.
The cerulean imp barely misses you.
You shoot a sling bullet.
The sling bullet closely misses Natasha.
The sling bullet hits the cerulean imp!
The sling bullet burns the cerulean imp.
The cerulean imp is severely wounded.
Natasha claws you.
The cerulean imp hits you from afar with a +2 spear.
You die...

##### ##...## ##.###.## ##
###.#####.# .####
######>.....##.######### ....#
......%@h5..............
.##.#######....###5#.#[####......
.##.#...##...## ##5..### #.#####
....'.=.#... ##....###.## #
#####...##. ####.##%..## # #####
#.#.....### #.%........
#.#.....### #########.#...)##


You could see Natasha and 3 cerulean imps.

Vanquished Creatures
  Natasha (twice) (D:2)
  An adder (D:2)
  2 dart slugs
  7 ball pythons
  3 endoplasms (D:1)
  3 giant cockroaches
  7 goblins
  7 hobgoblins
  8 jackals
  4 kobolds
  2 quokkas (D:1)
  2 bats
  2 frilled lizards (D:1)
  2 rats
52 creatures vanquished.

Notes
Turn   | Place    | Note
-------+----------+-------------------------------------------
     0 | D:1      | qw the Gargoyle Hexslinger began the quest for the Orb.
     0 | D:1      | Reached XP level 1. HP: 12/12 MP: 2/2
     0 | D:1      | 0 ||| qw: Version: 0.3-a-46-gb1f654a
     0 | D:1      | 0 ||| qw: Game counter: 3138
     0 | D:1      | 0 ||| qw: Melee chars always use a shield: true
     0 | D:1      | 0 ||| qw: God list: Okawaru
     0 | D:1      | 0 ||| qw: Allow faded altars: false
     0 | D:1      | 0 ||| qw: Do Orc after clearing Dungeon:15 true
     0 | D:1      | 0 ||| qw: Do second Lair branch before Depths: true
     0 | D:1      | 0 ||| qw: Lair rune preference: random
     0 | D:1      | 0 ||| qw: Goals: Normal
     0 | D:1      | 0 ||| PLANNING D:1-11
    91 | D:1      | Reached XP level 2. HP: 16/16 MP: 3/3
   148 | D:1      | Reached skill level 3 in Ranged Weapons
   441 | D:1      | Reached XP level 3. HP: 21/21 MP: 4/4
   818 | D:1      | 818 ||| UPGRADING to +0 ring mail.
   828 | D:1      | 828 ||| DROPPING +0 robe.
   829 | D:1      | 829 ||| UPGRADING to ring of resist corrosion.
   830 | D:1      | 830 ||| READING scroll labelled YPPYRE ISHASO.
   831 | D:1      | 831 ||| READING scroll labelled WIFOANWOTO.
   932 | D:1      | 932 ||| READING scroll labelled PYKO JOT NEE.
   933 | D:1      | 933 ||| DRINKING 2 fuming inky potions.
   934 | D:1      | 934 ||| DROPPING scroll of poison.
  1178 | D:2      | Reached XP level 4. HP: 26/26 MP: 5/5
  1268 | D:2      | Reached skill level 4 in Ranged Weapons
  1367 | D:2      | Noticed Natasha
  1375 | D:2      | Killed Natasha
  1376 | D:2      | Reached skill level 1 in Armour
  1472 | D:2      | Found Ziyschaqi's Magic Scroll Emporium.
  1484 | D:2      | 1484 ||| BUYING scroll of brand weapon (114 gold).
  1484 | D:2      | Bought a scroll of brand weapon for 114 gold pieces
  1484 | D:2      | 1484 ||| SHOPLISTING scroll of identify (24 gold, have 2).
  1484 | D:2      | 1484 ||| READING scroll of brand weapon.
  1484 | D:2      | 1484 ||| BRANDING +1 sling.
  1665 | D:2      | Noticed Natasha
  1672 | D:2      | Killed Natasha
  1673 | D:2      | Reached XP level 5. HP: 26/30 MP: 6/6
  1686 | D:2      | Noticed Natasha
  1697 | D:2      | HP: 7/30 [Natasha/puff of flame (6)]
  1698 | D:2      | HP: 2/30 [Natasha (2)]
  1698 | D:2      | Slain by a cerulean imp

Levels and vault maps discovered:
D:1:      evilmike_arrival_rings, layout_basic
D:2:      layout_loops_ring, serial_shops, shop_statue, eino_tiny_chamber,
          uniq_natasha

Skill      XL: |  1  2  3  4 |
---------------+-------------+-----
Ranged Weapons | 3 4 |  4.4
Fighting       | 2 |  2.0
Armour         | 1 |  1.6
Dodging        | |  1.5
Spellcasting   | |  1.0
Hexes          | |  2.6

Action                     |  1- 3 |  4- 6 || total
---------------------------+-------+-------++-------
   Fire: Sling             |   122 |    69 ||   191
    Use: Scroll            |     3 |     1 ||     4
         Potion            |     1 |       ||     1
 Armour: Robe              |    20 |       ||    20
         Ring mail         |    23 |    19 ||    42
  Dodge: Dodged            |    83 |    28 ||   111

Table legend:
 A = Non-vault XP
 B = Vault XP
 C = Vault XP percentage of total XP
 D = Non-vault monster count
 E = Vault monster count
 F = Vault count percentage of total count
                 A         B        C        D         E       F
            +---------+---------+-------+---------+---------+-------
      Total |     139 |      35 |  20.1 |      51 |       1 |   1.9
            +---------+---------+-------+---------+---------+-------
        D:1 |      54 |       0 |   0.0 |      29 |       0 |   0.0
        D:2 |      85 |      35 |  29.2 |      22 |       1 |   4.3
            +---------+---------+-------+---------+---------+-------
